 Dungeon Crawl Stone Soup version 0.27-a0-320-g81d27af2d4 (webtiles) character file.

Game seed: 9389467689798343093

2009 MartinH the Fighter (level 9, -4/84 HPs)
             Began as a Gnoll Wanderer on Feb 11, 2021.
             Was a Follower of Qazlal.
             Slain by a boulder beetle (24 damage)
             ... on level 7 of the Dungeon.
             The game lasted 00:33:32 (8063 turns).

MartinH the Fighter (Gnoll Wanderer)                Turns: 8063, Time: 00:33:32

Health: -4/84      AC: 14    Str: 15    XL:     9   Next: 22%
Magic:  15/15      EV: 12    Int: 15    God:    Qazlal [*.....]
Gold:   155        SH:  7    Dex: 14    Spells: 16/16 levels left

rFire    . . .     SeeInvis .   E - +2 battleaxe (freeze)
rCold    + . .     Faith    .   (shield currently unavailable)
rNeg     . . .     Spirit   .   r - +1 chain mail {rC+}
rPois    .         Reflect  +   I - +0 helmet
rElec    .         Harm     .   g - +0 cloak
rCorr    .         Rampage  .   F - +0 pair of gloves
Will     .....                  (no boots)
Stlth    ..........             s - amulet of reflection
HPRegen  0.24/turn              k - +4 ring of evasion
MPRegen  0.14/turn              e - +6 ring of intelligence

@: no status effects
A: distributed training, fangs 1, strong nose
a: Renounce Religion


You were on level 7 of the Dungeon.
You worshipped Qazlal.
Qazlal was aware of your devotion.
You visited 2 branches of the dungeon, and saw 8 of its levels.

You collected 425 gold pieces.
You spent 270 gold pieces at shops.

Inventory:

Hand Weapons
 a - a +2 quarterstaff
 p - a +0 hunting sling
 z - a +1 hand axe of venom
 C - a +0 short sword of electrocution
 E - a +2 battleaxe of freezing (weapon)
 H - a +0 hunting sling
Missiles
 o - 99 sling bullets
 u - 26 boomerangs
 w - a throwing net
 A - 80 bolts
Armour
 d - a +1 robe of willpower
 g - a +0 cloak (worn)
 h - the +1 ring mail "Fec Giav" {Rampage Regen+ Str-2 Stlth+}
   (You found it on level 6 of the Dungeon)

   It affects your strength (-2).
   It increases your rate of regeneration.
   It bestows one free step when moving towards enemies.
   It makes you more stealthy.
 r - a +1 chain mail of cold resistance (worn)
 F - a +0 pair of gloves (worn)
 I - a +0 helmet (worn)
Jewellery
 e - a +6 ring of intelligence (right hand)
 k - a +4 ring of evasion (left hand)
 s - an amulet of reflection (around neck)
 K - a ring of resist corrosion {unknown}
Wands
 B - a wand of polymorph (8) (quivered)
 L - a wand of random effects (16)
Scrolls
 b - 4 scrolls of teleportation
 f - 2 scrolls of blinking
 x - 2 scrolls of immolation
 y - 2 scrolls of fear
 D - a scroll of magic mapping
 G - a scroll of amnesia {unknown}
Potions
 c - 2 potions of lignification
 i - a potion of attraction
 j - a potion of mutation {unknown}
 l - 3 potions of invisibility {unknown}
 m - a potion of heal wounds
 n - 2 potions of resistance {unknown}
 q - 2 potions of might {unknown}
 t - 2 potions of curing
 v - 3 potions of brilliance
 J - a potion of cancellation {unknown}
 M - a potion of ambrosia {unknown}


   Skills:
 + Level 12.6 Fighting
 + Level 4.8 Short Blades
 + Level 4.0 Long Blades
 + Level 4.0 Axes
 + Level 4.0 Maces & Flails
 + Level 4.0 Polearms
 + Level 4.8 Staves
 + Level 4.0 Slings
 + Level 4.0 Bows
 + Level 4.0 Crossbows
 + Level 4.8 Throwing
 + Level 4.0 Armour
 + Level 4.0 Dodging
 + Level 4.7 Stealth
 + Level 4.0 Shields
 + Level 4.0 Unarmed Combat
 + Level 4.0 Spellcasting
 + Level 3.3 Conjurations
 + Level 3.3 Hexes
 + Level 3.3 Summonings
 + Level 3.3 Necromancy
 + Level 3.3 Translocations
 + Level 3.3 Transmutations
 + Level 3.3 Fire Magic
 + Level 3.3 Ice Magic
 + Level 3.3 Air Magic
 + Level 3.3 Earth Magic
 + Level 3.3 Poison Magic
 + Level 4.4 Invocations
 + Level 4.0 Evocations


You had 16 spell levels left.
You didn't know any spells.
Your spell library was empty.

Dungeon Overview and Level Annotations

Branches:
Dungeon (7/15)             Temple (1/1) D:5

Altars:
Cheibriados
Dithmenos
Elyvilon
Gozag
Hepliaklqana
Kikubaaqudgha
Makhleb
Nemelex Xobeh
Okawaru
Qazlal
Sif Muna
Trog
Uskayaw
Vehumet
Wu Jian
Xom
Yredelemnul
Zin

Shops:
D:4 (*!?!

Portals:
Abyss: D:5

Annotations:
D:5 2 transporters, namelastname112's ghost, novice DrDe


Innate Abilities, Weirdness & Mutations

Your experience applies equally to all skills.
You have very sharp teeth.
Your uncanny sense of smell can sniff out nearby items.


Message History

Ouch! That really hurt!
The boulder beetle stops rolling and uncurls.
The boulder beetle bites you!
* * * LOW HITPOINT WARNING * * *
You hit the boulder beetle. You freeze the boulder beetle.
The boulder beetle is lightly wounded.
The boulder beetle leaps!
You hear a distant slurping noise.
The boulder beetle curls into a ball and begins rolling!
You see here the human corpse of Harold.
You feel much better.
A scorpion comes into view.
You slash the boulder beetle! You freeze the boulder beetle.
Your bite misses the boulder beetle.
The boulder beetle is lightly wounded.
The boulder beetle hits you!!
* * * LOW HITPOINT WARNING * * *
The boulder beetle stops rolling and uncurls.
You hear a distant slurping noise.
The boulder beetle bites you.
* * * LOW HITPOINT WARNING * * *
You hit the boulder beetle but do no damage.
The boulder beetle is lightly wounded.
The boulder beetle bites you but does no damage.
You completely miss the boulder beetle.
The boulder beetle is lightly wounded.
The boulder beetle bites you but does no damage.
You block the boulder beetle's attack.
You slash the scorpion! You freeze the scorpion.
You bite the scorpion, but do no damage.
The scorpion is severely wounded.
You hit the boulder beetle but do no damage.
The scorpion closely misses you. The boulder beetle bites you.
* * * LOW HITPOINT WARNING * * *
You slash the scorpion! You freeze the scorpion.
You kill the scorpion!
Qazlal accepts your kill.
You hit the boulder beetle. You freeze the boulder beetle.
The boulder beetle bites you!!
You die...

#.# #.# #.# #.#
#.######## #.#
#........# #.# ∆ ∆
########.# #.# #####
#.# #.# ...$# #.# #.#
#..###############.#
#.#
#.....)@B.†......>#
#.#
##.################
#.# ∆
#.##################.#
∆
#.##..............##.#
∆
+.##...........<..##.#
∆
#.##..............##.#
∆
#.##..............##.#
∆
..##............[....#
#..............####


You could see a boulder beetle.

Vanquished Creatures
  A troll (D:7)
  An ice beast (D:7)
  2 sky beasts
  3 ogres
  2 centaurs (D:6)
  A bullfrog (D:7)
  2 scorpions
  4 wights (D:5)
  2 electric eels (D:6)
  A howler monkey (D:4)
  2 bullfrog zombies
  A hound (D:5)
  A centaur skeleton (D:7)
  An orc priest (D:4)
  A bullfrog skeleton (D:6)
  Jessica (D:2)
  An iguana (D:5)
  2 orc wizards
  4 worker ants
  A hound zombie (D:7)
  2 hound skeletons (D:4)
  A worker ant zombie (D:6)
  10 adders
  3 howler monkey skeletons
  2 shadow imps
  2 oozes
  An adder skeleton (D:6)
  4 worms
  2 dart slugs
  A leopard gecko (D:3)
  17 orcs
  6 bats
  3 giant cockroaches
  7 hobgoblins
  6 jackals (D:6)
  4 quokkas
  2 ball pythons
  A ball python skeleton (D:4)
  3 frilled lizards (D:2)
  9 goblins
  A jackal skeleton (D:4)
  A jackal zombie (D:5)
  7 kobolds
  4 leopard gecko skeletons
  10 rats
143 creatures vanquished.

Notes
Turn   | Place    | Note
-------+----------+-------------------------------------------
     0 | D:1      | Reached skill level 12 in Fighting
     0 | D:1      | MartinH the Gnoll Wanderer began the quest for the Orb.
     0 | D:1      | MartinH set off with the following items: a +2
                  | quarterstaff, a scroll of teleportation, a potion of
                  | lignification, a +0 robe
     0 | D:1      | Reached XP level 1. HP: 31/31 MP: 1/1
   318 | D:1      | Reached XP level 2. HP: 38/38 MP: 2/2
   994 | D:2      | Found a faded altar of an unknown god.
  1082 | D:2      | Found a shadowy altar of Dithmenos.
  1136 | D:2      | Reached XP level 3. HP: 44/44 MP: 3/3
  1378 | D:2      | Noticed Jessica
  1382 | D:2      | Killed Jessica
  1383 | D:2      | Reached skill level 1 in Long Blades
  1383 | D:2      | Reached skill level 1 in Axes
  1383 | D:2      | Reached skill level 1 in Maces & Flails
  1383 | D:2      | Reached skill level 1 in Polearms
  1383 | D:2      | Reached skill level 1 in Slings
  1383 | D:2      | Reached skill level 1 in Bows
  1383 | D:2      | Reached skill level 1 in Crossbows
  1383 | D:2      | Reached skill level 1 in Armour
  1383 | D:2      | Reached skill level 1 in Dodging
  1383 | D:2      | Reached skill level 1 in Shields
  1383 | D:2      | Reached skill level 1 in Unarmed Combat
  1383 | D:2      | Reached skill level 1 in Spellcasting
  1383 | D:2      | Reached skill level 1 in Invocations
  1383 | D:2      | Reached skill level 1 in Evocations
  1443 | D:2      | Reached XP level 4. HP: 51/51 MP: 5/5
  1467 | D:2      | Found an ancient bone altar of Kikubaaqudgha.
  1763 | D:3      | Reached skill level 1 in Conjurations
  1763 | D:3      | Reached skill level 1 in Hexes
  1763 | D:3      | Reached skill level 1 in Summonings
  1763 | D:3      | Reached skill level 1 in Necromancy
  1763 | D:3      | Reached skill level 1 in Translocations
  1763 | D:3      | Reached skill level 1 in Transmutations
  1763 | D:3      | Reached skill level 1 in Fire Magic
  1763 | D:3      | Reached skill level 1 in Ice Magic
  1763 | D:3      | Reached skill level 1 in Air Magic
  1763 | D:3      | Reached skill level 1 in Earth Magic
  1763 | D:3      | Reached skill level 1 in Poison Magic
  1975 | D:3      | Reached XP level 5. HP: 57/57 MP: 6/6
  3022 | D:4      | Reached XP level 6. HP: 21/64 MP: 8/8
  3365 | D:4      | Found a burning altar of Makhleb.
  3366 | D:4      | Found Puveofro's Magic Scroll Boutique.
  3381 | D:4      | Bought a scroll of identify for 20 gold pieces
  3381 | D:4      | Bought a scroll of magic mapping for 35 gold pieces
  3381 | D:4      | Bought a scroll of identify for 20 gold pieces
  3381 | D:4      | Bought a scroll of blinking for 75 gold pieces
  3381 | D:4      | Bought a scroll of identify for 20 gold pieces
  3592 | D:4      | Found Cellabb's Assorted Antiques.
  3664 | D:4      | Found a white marble altar of Elyvilon.
  3775 | D:4      | Found Sejiseott's Antique Weapon Boutique.
  3814 | D:4      | Found Anosenups's Distillery.
  3823 | D:4      | Bought a potion of heal wounds for 50 gold pieces
  3823 | D:4      | Bought a potion of heal wounds for 50 gold pieces
  3907 | D:4      | Found Lywka's Distillery.
  4121 | D:5      | Entered Level 5 of the Dungeon
  4153 | D:5      | Found a basalt altar of Yredelemnul.
  4350 | D:5      | Found a transporter.
  4416 | D:5      | Found a staircase to the Ecumenical Temple.
  4422 | Temple   | Entered the Ecumenical Temple
  4552 | Temple   | Became a worshipper of Qazlal Stormbringer
  4631 | D:5      | Reached XP level 7. HP: 66/70 MP: 10/10
  5006 | D:5      | Noticed namelastname112's ghost (novice DrDe)
  5009 | D:5      | Noticed a toenail golem
  5059 | D:5      | Found a transporter.
  5061 | D:5      | Found a one-way gate to the infinite horrors of the Abyss.
  5360 | D:6      | Reached XP level 8. HP: 63/77 MP: 12/12
  5363 | D:6      | Got a heavily runed ring mail
  5376 | D:6      | Identified the +1 ring mail "Fec Giav" {Rampage Regen+
                  | Str-2 Stlth+} (You found it on level 6 of the Dungeon)
  5821 | D:6      | Found an opulent altar of Gozag.
  7488 | D:6      | Reached * piety under Qazlal
  7818 | D:7      | Found an iron altar of Okawaru.
  7902 | D:7      | Reached XP level 9. HP: 81/83 MP: 14/14
  8034 | D:7      | Noticed Harold
  8035 | D:7      | Noticed Harold
  8035 | D:7      | Harold changed into Harold the troll
  8035 | D:7      | Noticed a boulder beetle
  8041 | D:7      | Killed Harold the troll
  8063 | D:7      | Slain by a boulder beetle

Illustrated notes

Levels and vault maps discovered:
D:1:      mrwooster_arrival_statue_2, layout_basic
D:2:      layout_loops_ring, general_overflow_altar,
          lemuel_coloured_pillars_altar, chequers_ecumenical_altar_simple,
          minmay_pentomino_q2, uniq_jessica
D:3:      layout_loops_ring, minmay_joined_circles
D:4:      layout_cave_pods, lemuel_crystal_altar, serial_shops,
          nicolae_shop_statue_plus, shop, shop, nicolae_shop_overgrown_old_shop,
          shop, minivault_23, nrook_mini_backslash, kennysheep_diamond
D:5:      layout_loops_ring, nicolae_overflow_crystal_walls,
          minmay_temple_entry_fiery, gammafunk_ghost_abyssal_escape
D:6:      layout_rooms, nicolae_gozag_seed_capital, kennysheep_boxes
D:7:      minmay_chambers_of_sixes, layout_basic, nicolae_water_bricks,
          okawaru_trees_1, uniq_harold
Temple:   nicolae_temple_x_marks_the_god

Skill      XL: |  1  2  3  4  5  6  7  8  9 |
---------------+----------------------------+-----
Fighting       | | 12.6
Long Blades    | 1 2 3 4 |  4.0
Axes           | 1 2 3 4 |  4.0
Maces & Flails | 1 2 3 4 |  4.0
Polearms       | 1 2 3 4 |  4.0
Slings         | 1 2 3 4 |  4.0
Bows           | 1 2 3 4 |  4.0
Crossbows      | 1 2 3 4 |  4.0
Armour         | 1 2 3 4 |  4.0
Dodging        | 1 2 3 4 |  4.0
Shields        | 1 2 3 4 |  4.0
Unarmed Combat | 1 2 3 4 |  4.0
Spellcasting   | 1 2 3 4 |  4.0
Invocations    | 1 2 3 4 |  4.4
Evocations     | 1 2 3 4 |  4.0
Conjurations   | 1 2 3 |  3.3
Hexes          | 1 2 3 |  3.3
Summonings     | 1 2 3 |  3.3
Necromancy     | 1 2 3 |  3.3
Translocations | 1 2 3 |  3.3
Transmutations | 1 2 3 |  3.3
Fire Magic     | 1 2 3 |  3.3
Ice Magic      | 1 2 3 |  3.3
Air Magic      | 1 2 3 |  3.3
Earth Magic    | 1 2 3 |  3.3
Poison Magic   | 1 2 3 |  3.3
Short Blades   | 3 4 |  4.8
Staves         | 3 4 |  4.8
Throwing       | 3 4 |  4.8
Stealth        | 3 4 |  4.7

Action                   |  1- 3 |  4- 6 |  7- 9 || total
-------------------------+-------+-------+-------++-------
Melee: Quarterstaff      |    59 |   165 |    16 ||   240
       Bite              |     3 |    12 |    15 ||    30
       Hand axe          |       |    22 |     5 ||    27
       Battleaxe         |       |       |   153 ||   153
Throw: Boomerang         |       |    18 |    15 ||    33
Evoke: Wand              |       |       |     2 ||     2
  Use: Potion            |       |     1 |     5 ||     6
       Scroll            |       |     6 |       ||     6
 Stab: Sleeping          |     1 |       |       ||     1
Armor: Chain mail        |    26 |    71 |    78 ||   175
       Robe              |     4 |       |       ||     4
Dodge: Dodged            |    24 |    85 |   109 ||   218
Block: Other             |     1 |    33 |    57 ||    91
       Reflection        |       |     3 |     2 ||     5

Table legend: (Time is in decaauts)
 A = Elapsed time spent in this place.
 B = Non-inter-level travel time spent in this place.
 C = Inter-level travel time spent in this place.
 D = Time resting spent in this place.
 E = Time spent auto-exploring this place.
 F = Levels seen in this place.
 G = Mean time per level.
                   A        B        C        D        E       F      G
               +--------+--------+--------+--------+--------+-----+--------+
         Total |   8187 |   7285 |    902 |   2058 |   3981 |   8 | 1023.4 |
       Dungeon |   8042 |   7231 |    811 |   2058 |   3930 |   7 | 1148.9 |
        Temple |    144 |     53 |     91 |      0 |     51 |   1 |  144.0 |
               +--------+--------+--------+--------+--------+-----+--------+

Top non-repeatable levels by time:
     D:6: 2471 daAuts
     D:4: 1224 daAuts
     D:3: 1177 daAuts
     D:5: 1101 daAuts
     D:1: 963 daAuts
     D:2: 791 daAuts
     D:7: 312 daAuts
  Temple: 144 daAuts
